 Dungeon Crawl Stone Soup version 0.25-a0-1113-g0499d652a8 (webtiles) character file.

Game seed: 4790270387893795552, levelgen mode: deterministic

435 vurker the Chopper (level 6, -3/55 HPs)
             Began as a Minotaur Fighter on May 16, 2020.
             Killed from afar by an orc wizard (14 damage)
             ... with a puff of frost
             ... on level 4 of the Dungeon.
             The game lasted 00:03:47 (2841 turns).

vurker the Chopper (Minotaur Fighter)               Turns: 2841, Time: 00:03:48

Health: -3/55      AC:  7    Str: 20 (22) XL:     6   Next: 68%
Magic:  5/5        EV:  8    Int:  4 (5)  God:
Gold:   143        SH:  9    Dex:  8 (10) Spells: 5/5 levels left

rFire    . . .     SeeInvis .   a - +0 war axe
rCold    . . .     Gourm    .   c - +0 kite shield
rNeg     . . .     Faith    .   b - +0 scale mail
rPois    .         Spirit   .   (helmet restricted)
rElec    .         Reflect  .   (no cloak)
rCorr    .         Harm     .   (no gloves)
MR       .....                  (no boots)
Stlth    ..........             (no amulet)
HPRegen  0.18/turn              (no ring)
MPRegen  0.09/turn              (no ring)

@: flying
A: retaliatory headbutt, horns 2
a: no special abilities


You were on level 4 of the Dungeon.
You were hungry.

You visited 1 branch of the dungeon, and saw 4 of its levels.

You collected 143 gold pieces.

Inventory:

Hand Weapons
 a - a +0 war axe (weapon)
Armour
 b - a +0 scale mail (worn)
 c - a +0 kite shield (worn)
Jewellery
 q - a cursed amulet of inaccuracy {unknown}
   (You found it on level 3 of the Dungeon)
 r - a +6 ring of intelligence {unknown}
   (You found it on level 3 of the Dungeon)
Scrolls
 f - a scroll of enchant weapon {unknown}
 i - 11 scrolls of identify {unknown}
 k - 4 scrolls of teleportation {unknown}
 l - a scroll of fog {unknown}
 m - 2 scrolls of remove curse {unknown}
 p - 2 scrolls of immolation {unknown}
Potions
 d - a potion of might
 j - a potion of brilliance {unknown}
 n - a potion of magic
 o - a potion of stabbing {unknown}
Comestibles
 e - 3 rations
 g - 4 chunks of flesh


   Skills:
 + Level 4.9 Fighting
 * Level 5.4 Axes
 + Level 4.9 Armour
 + Level 2.8 Dodging
 + Level 4.9 Shields


You had 5 spell levels left.
You didn't know any spells.
Your spell library was empty.

Dungeon Overview and Level Annotations

Branches:
Dungeon (4/15)
 Temple: D:4-7

Altars:
Yredelemnul


Innate Abilities, Weirdness & Mutations

You reflexively headbutt those who attack you in melee.
You have a pair of horns on your head.


Message History

The centaur skeleton hits you but does no damage.
You block the adder's attack.
The orc priest mumbles some strange prayers to Beogh against you.
Beogh smites you!
* * * LOW HITPOINT WARNING * * *
The adder bites you.
* * * LOW HITPOINT WARNING * * *
You are poisoned.
The adder poisons you!
You hear an angry hiss.
You feel sick. The adder bites you but does no damage.
It was a potion of magic.
Magic courses through your body.
You feel sick.
The orc wizard hits you but does no damage.
An orc comes into view. It is wielding a +0 club.
The adder bites you but does no damage.
It was a potion of degeneration.
There was something very wrong with that liquid.
You feel weakened.
You feel dopey.
You feel clumsy.
You are feeling hungry.
The orc shouts!
The orc wizard hits you but does no damage.
The adder bites you.
* * * LOW HITPOINT WARNING * * *
The orc wizard closely misses you. The adder bites you but does no damage.
You feel sick. The orc barely misses you.
You hit the orc but do no damage. You slash the adder!
You kill the adder!
You block the orc wizard's attack. The orc hits you with a +0 club.
* * * LOW HITPOINT WARNING * * *
You block the orc wizard's attack.
You slash the orc!
You kill the orc!
The orc wizard closely misses you.
The orc wizard hits you from afar with a +0 spear.
* * * LOW HITPOINT WARNING * * *
It was a potion of flight.
You feel very buoyant.
You fly up into the air.
The orc wizard hits you but does no damage.
It was a potion of curing.
You feel better.
The orc wizard gestures at you while chanting.
The magic dart hits you.
* * * LOW HITPOINT WARNING * * *
The orc wizard closely misses you.
You see here a +0 club.
The orc wizard gestures at you while chanting.
The puff of frost hits you!
You die...

...# #..# #..# #..#
##.###. #..# .......####
#..# ..........######<.#
..#...........##..#######
#...o.o##.###.##@........
#.........##.o.#..#.#####
#.....o##o#o###o..#.#
......)o..Z.# #...# #
.....####Z#.# ##.## #.#
#?##.. #.# #.# #.##.# #.#
.##.# ... ##.#


You could see an orc wizard (fast).

Vanquished Creatures
  A howler monkey (D:4)
  3 orc priests (D:3)
  Jessica (D:3)
  3 orc wizards
  4 gnolls
  4 adders
  An adder zombie (D:3)
  2 worms
  6 dart slugs
  6 leopard geckos
  11 orcs
  2 ball pythons
  8 bats
  5 giant cockroaches
  12 goblins
  7 hobgoblins
  3 jackals (D:1)
  2 quokkas (D:2)
  8 frilled lizards
  5 kobolds
  6 rats
100 creatures vanquished.

Vanquished Creatures (others)
  A kobold (D:2)
1 creature vanquished.

Grand Total: 101 creatures vanquished

Notes
Turn   | Place    | Note
-------+----------+-------------------------------------------
     0 | D:1      | vurker the Minotaur Fighter began the quest for the Orb.
     0 | D:1      | Reached XP level 1. HP: 19/19 MP: 0/0
   109 | D:1      | Reached XP level 2. HP: 25/27 MP: 1/1
   175 | D:1      | Reached skill level 1 in Dodging
   180 | D:1      | Reached skill level 3 in Axes
   285 | D:1      | Reached XP level 3. HP: 31/33 MP: 2/2
   805 | D:2      | Reached XP level 4. HP: 34/40 MP: 3/3
   972 | D:2      | Reached skill level 4 in Axes
  1260 | D:2      | Reached XP level 5. HP: 45/47 MP: 4/4
  1370 | D:2      | Found a basalt altar of Yredelemnul.
  2088 | D:3      | Reached XP level 6. HP: 31/53 MP: 5/5
  2241 | D:3      | Reached skill level 5 in Axes
  2669 | D:3      | Noticed Jessica
  2670 | D:3      | Killed Jessica
  2835 | D:4      | HP: 2/55 [orc/+0 club (2)]
  2841 | D:4      | Killed from afar by an orc wizard

Illustrated notes

Levels and vault maps discovered:
D:1:      minmay_arrival_semitransparent, layout_basic
D:2:      layout_basic, yredelemnul_altar_generic, lemuel_old_faithful
D:3:      layout_rooms, st_stairs_3, minmay_misc_feat_enclosed, uniq_jessica
D:4:      minmay_general_purpose_star, layout_loops_ring, first_ration,
          serial_glass, glass_columns_a, glass_columns_c,
          lightli_ossuary_entry_decrepit_ruins, nicolae_tso_swordbearing_angel

Skill      XL: |  1  2  3  4  5  6 |
---------------+-------------------+-----
Dodging        | 1 2 |  2.8
Axes           | 3 4 5 |  5.4
Fighting       | 4 |  4.9
Shields        | 4 |  4.9
Armour         | 4 |  4.9

Action                   |  1- 3 |  4- 6 || total
-------------------------+-------+-------++-------
Melee: War axe           |    75 |   146 ||   221
       Headbutt          |    11 |    30 ||    41
  Use: Potion            |       |     4 ||     4
  Eat: Chunk             |       |     6 ||     6
Armor: Scale mail        |    27 |    73 ||   100
Dodge: Dodged            |    22 |    37 ||    59
Block: Kite shield       |    40 |    76 ||   116

Table legend:
 A = Non-vault XP
 B = Vault XP
 C = Vault XP percentage of total XP
 D = Non-vault monster count
 E = Vault monster count
 F = Vault count percentage of total count
                 A         B        C        D         E       F
            +---------+---------+-------+---------+---------+-------
      Total |     569 |      53 |   8.5 |      97 |       3 |   3.0
            +---------+---------+-------+---------+---------+-------
        D:1 |      68 |       0 |   0.0 |      27 |       0 |   0.0
        D:2 |     167 |       0 |   0.0 |      33 |       0 |   0.0
        D:3 |     252 |      53 |  17.4 |      30 |       3 |   9.1
        D:4 |      82 |       0 |   0.0 |       7 |       0 |   0.0
            +---------+---------+-------+---------+---------+-------
